 Dungeon Crawl Stone Soup version 0.21-a0-442-g848f44b (webtiles) character file.

630 slep the Skirmisher (level 7, -3/61 HPs)
             Began as a Minotaur Wanderer on Nov 17, 2017.
             Shot with an arrow by a centaur (11 damage)
             ... on level 6 of the Dungeon.
             The game lasted 00:14:35 (2216 turns).

slep the Skirmisher (Minotaur Wanderer)             Turns: 2216, Time: 00:14:36

Health: -3/61      AC:  6    Str: 20    XL:     7   Next: 24%
Magic:  7/7        EV: 11    Int:  6    God:
Gold:   183        SH:  7    Dex: 16    Spells: 6/6 levels left

rFire    . . .     SeeInvis .   D - +0 war axe
rCold    . . .     Gourm    .   p - +2 buckler
rNeg     . . .     Faith    .   k - +0 ring mail
rPois    .         Spirit   .   (helmet restricted)
rElec    .         Reflect  .   (no cloak)
rCorr    .         Harm     .   (no gloves)
MR       .....                  (no boots)
Stlth    +.........             (no amulet)
HPRegen  0.20/turn              h - ring of fire
MPRegen  0.10/turn              x - ring of ice

@: mighty
A: retaliatory headbutt, horns 2
a: no special abilities


You were on level 6 of the Dungeon.
You were hungry.

You visited 1 branch of the dungeon, and saw 6 of its levels.

You collected 183 gold pieces.

Inventory:

Hand Weapons
 a - a +2 shortbow
 b - a +0 mace
 o - a cursed +0 dagger
 D - a +0 war axe (weapon)
Missiles
 c - 27 arrows
 i - 2 throwing nets (quivered)
Armour
 e - a +0 robe
 k - a +0 ring mail (worn)
 p - a +2 buckler (worn)
Jewellery
 g - an uncursed ring of positive energy
 h - a ring of fire (left hand)
 m - an uncursed ring of resist corrosion
 r - a cursed ring of see invisible {unknown}
 x - a ring of ice (right hand)
 z - an uncursed ring of magical power {unknown}
 E - a cursed -3 ring of intelligence {unknown}
Wands
 B - a wand of polymorph (19/24)
Scrolls
 j - a scroll of blinking {unknown}
 l - 3 scrolls of identify {unknown}
 q - a scroll of remove curse {unknown}
 t - 3 scrolls of teleportation {unknown}
 v - 2 scrolls of enchant armour {unknown}
 w - a scroll of noise {unknown}
Potions
 d - 6 potions of curing
 F - a potion of berserk rage {unknown}
Books
 y - a book of Conjurations

   Spells                             Type                      Level
   a - Magic Dart                     Conjuration                  1
   b - Searing Ray                    Conjuration                  2
   c - Dazzling Spray                 Conjuration/Hexes            3
   d - Fulminant Prism                Conjuration/Hexes            4
   e - Force Lance                    Conjuration/Translocation    4
   f - Iskenderun's Mystic Blast      Conjuration                  4
Comestibles
 f - 6 bread rations
 n - 3 royal jellies
 s - a fruit
 C - 2 meat rations


   Skills:
 + Level 5.5 Fighting
 + Level 2.6(4.2) Axes
 + Level 5.0(5.3) Maces & Flails
 + Level 2.7 Bows
 + Level 5.2 Armour
 + Level 2.0 Dodging
 + Level 0.6 Stealth
 + Level 2.4 Shields
 + Level 1.7 Evocations


You had 6 spell levels left.
You didn't know any spells.

Dungeon Overview and Level Annotations

Branches:
Dungeon (7/15)
 Temple: D:4-7

Altars:
Xom

Annotations:
D:5 Eustachio


Innate Abilities, Weirdness & Mutations

You reflexively headbutt those who attack you in melee.
You have a pair of horns on your head.


Message History

* * * LOW HITPOINT WARNING * * *
The centaur wields an uncursed shortbow.
The centaur shoots an arrow.
The arrow hits you.
* * * LOW HITPOINT WARNING * * *
The centaur shoots an arrow.
The arrow hits you.
* * * LOW HITPOINT WARNING * * *
You see here 2 arrows.
A black bear comes into view.
The black bear growls angrily.
The centaur shoots an arrow.
The arrow hits you but does no damage.
You see here an arrow.
The centaur shoots an arrow.
You block the arrow.
Things that are here:
an arrow; a robe; a dagger The centaur shoots an arrow.
You block the arrow.
The crimson imp shouts, "Decamp, thou obnoxious ruttish simpleton!"
There is a stone staircase leading down, spattered with blood here.
You see here an arrow.
The centaur shoots an arrow.
The arrow hits you!
You die...

.o.# #c# #.#...# #.# ##o#
#.# #....## #.. #.# #.#
##.....## #.## #.# #.###
##.......###.. #.# #...#
#.........##.# #.# ###5#
#............# #.######(#
#.[..........
#.......5######.......###.
########h(.c(((@h....##
#.#######)...## #.# #.####
#)# #.. #<# #..# #.# ....
#.# #..## #.# #..# #.#
#..#


You could see a black bear, a centaur, a crimson imp and a jackal.

Vanquished Creatures
  Sigmund (D:2)
  An orc warrior (D:6)
  An ogre (D:7)
  A crimson imp (D:6)
  2 orc priests (D:6)
  An orc wizard (D:6)
  Terence (D:2)
  3 gnolls
  3 adders
  2 oozes (D:2)
  3 worms (D:2)
  2 dart slugs (D:1)
  A leopard gecko (D:2)
  5 orcs
  8 bats
  4 giant cockroaches
  3 goblins
  12 hobgoblins
  16 jackals
  2 ball pythons
  4 frilled lizards
  6 kobolds
  5 rats
87 creatures vanquished.

Notes
Turn   | Place    | Note
-------+----------+-------------------------------------------
     0 | D:1      | slep the Minotaur Wanderer began the quest for the Orb.
     0 | D:1      | slep set off with: a +2 shortbow, 27 arrows, a +0 mace, a potion of curing, a +0 robe, a bread ration
     0 | D:1      | Reached XP level 1. HP: 19/19 MP: 1/1
     1 | D:1      | Noticed a minotaur zombie
    11 | D:1      | Noticed a merfolk zombie
    15 | D:1      | Noticed a merfolk zombie
    17 | D:1      | Noticed a merfolk zombie
   376 | D:1      | Reached XP level 2. HP: 7/27 MP: 2/2
   745 | D:2      | Reached XP level 3. HP: 31/33 MP: 3/3
   750 | D:2      | Reached skill level 1 in Maces & Flails
   781 | D:2      | Noticed Sigmund
   796 | D:2      | Killed Sigmund
   796 | D:2      | Reached skill level 1 in Dodging
   796 | D:2      | Reached XP level 4. HP: 18/41 MP: 4/4
   796 | D:2      | Reached XP level 5. HP: 21/47 MP: 5/5
   974 | D:2      | Noticed Terence
  1182 | D:2      | Killed Terence
  1182 | D:2      | Reached skill level 5 in Fighting
  1451 | D:3      | Reached skill level 1 in Shields
  1484 | D:3      | Reached skill level 5 in Armour
  1484 | D:3      | Reached XP level 6. HP: 42/56 MP: 6/6
  1718 | D:3      | You fall through a shaft for 3 floors!
  1740 | D:5      | Entered Level 5 of the Dungeon
  1753 | D:5      | You fall through a shaft for 2 floors!
  1800 | D:7      | Found a shimmering altar of Xom.
  1899 | D:6      | Reached skill level 1 in Axes
  1903 | D:6      | Reached XP level 7. HP: 31/61 MP: 7/7
  1982 | D:5      | Noticed Eustachio
  2204 | D:6      | Reached skill level 5 in Maces & Flails
  2216 | D:6      | Shot with an arrow by a centaur

Vault maps used:
D:1:      shiori_arrival_whats_in_store_for_you
D:2:      minmay_crystal_water, uniq_sigmund, uniq_terence
D:3:      lemuel_castle_with_subvaults, first_bread
D:5:      serial_shops, shop, uniq_eustachio, uniq_ijyb
D:6:      trog_ov_bears_minmay, temple_statues, nicolae_tso_besieged_by_evil,
          uniq_grinder
D:7:      cheibrodos_barr_body, grunt_qazlal_clouds, basic_altar,
          grunt_ogre_cave

Skill      XL: |  1  2  3  4  5  6  7 |
---------------+----------------------+-----
Armour         | 4 5 |  5.2
Fighting       | 4 5 |  5.5
Maces & Flails | 3 4 5 |  5.0
Dodging        | 1 2 |  2.0
Shields        | 1 2 |  2.4
Axes           | 2 |  2.6
Bows           | |  2.7
Stealth        | |  0.6
Evocations     | |  1.7

Action                   |  1- 3 |  4- 6 |  7- 9 || total
-------------------------+-------+-------+-------++-------
Melee: Mace              |    66 |   134 |       ||   200
       Headbutt          |     7 |    27 |     7 ||    41
       War axe           |       |    17 |    30 ||    47
Throw: Throwing net      |       |     1 |       ||     1
  Use: Potion            |       |     2 |     1 ||     3
 Stab: Held in net/web   |       |     1 |       ||     1
  Eat: Chunk             |       |     4 |       ||     4
Armor: Robe              |     4 |       |       ||     4
       Ring mail         |    18 |    63 |     8 ||    89
Dodge: Dodged            |    32 |    74 |    21 ||   127
Block: Buckler           |     4 |    45 |    13 ||    62

Table legend:
 A = Spawn XP
 B = Non-spawn XP
 C = Spawn XP percentage of total XP
 D = Spawn monster count
 E = Non-spawn monster count
 F = Spawn count percentage of total count
 G = Total turns spent on level
                    A         B        C        D         E        F      G
               +---------+---------+-------+---------+---------+-------+---------
         Total |       0 |     901 |   0.0 |       0 |      87 |   0.0 |  2216
               +---------+---------+-------+---------+---------+-------+---------
           D:1 |       0 |      38 |   0.0 |       0 |      21 |   0.0 |   690
           D:2 |       0 |     292 |   0.0 |       0 |      21 |   0.0 |   500
           D:3 |       0 |     100 |   0.0 |       0 |      29 |   0.0 |   528
           D:5 |       0 |      13 |   0.0 |       0 |       1 |   0.0 |   115
           D:6 |       0 |     324 |   0.0 |       0 |      10 |   0.0 |   256
           D:7 |       0 |     134 |   0.0 |       0 |       5 |   0.0 |   127
               +---------+---------+-------+---------+---------+-------+---------
